 Dungeon Crawl Stone Soup version 0.29-a0-219-g0a02b1cf4f (webtiles) character file.

Game seed: 12725697017232286813

258 tognito the Chopper (level 5, -2/47 HPs)
             Began as a Minotaur Berserker on Feb 24, 2022.
             Was a Believer of Trog.
             Shot with an arrow by a centaur (3 damage)
             ... on level 4 of the Dungeon on Feb 25, 2022.
             The game lasted 00:06:28 (3464 turns).

tognito the Chopper (Minotaur Berserker)            Turns: 3464, Time: 00:06:28

Health: -2/47      AC:  7    Str: 23    XL:     5   Next: 94%
Magic:  4/4        EV: 11    Int:  4    God:    Trog [**....]
Gold:   205        SH:  0    Dex: 10    Spells: 4/4 levels left

rFire   . . .      SeeInvis .   p - +1 flail (vorpal)
rCold   . . .      Faith    .   (no shield)
rNeg    . . .      Spirit   .   g - +0 ring mail
rPois   .          Reflect  .   (helmet unavailable)
rElec   .          Harm     .   n - +0 cloak
rCorr   .          Rampage  .   (no gloves)
Will    .....                   (no boots)
Stlth   ..........              (no amulet)
HPRegen 0.15/turn               (no ring)
MPRegen 0.09/turn               (no ring)

@: no status effects
A: horns 3, retaliatory headbutt, fangs 1
a: Renounce Religion, Berserk, Trog's Hand


You were on level 4 of the Dungeon.
You worshipped Trog.
Trog was pleased with you.
You visited 1 branch of the dungeon, and saw 4 of its levels.

You collected 205 gold pieces.

Inventory:

Hand Weapons
 a - a +0 hand axe
 f - a +1 hunting sling of freezing
 p - a +1 vorpal flail (weapon)
Missiles
 e - 3 poisoned darts (quivered)
 i - 5 javelins
Armour
 g - a +0 ring mail (worn)
 n - a +0 cloak (worn)
Wands
 l - a wand of flame (2)
 m - a wand of mindburst (17)
Scrolls
 b - a scroll of amnesia {unknown}
 c - 3 scrolls of vulnerability {unknown}
 d - 3 scrolls of identify {unknown}
 h - 2 scrolls of fear {unknown}
 k - 2 scrolls of teleportation {unknown}
 o - a scroll of magic mapping {unknown}
Potions
 j - 2 potions of heal wounds
 q - a potion of curing {unknown}


   Skills:
 + Level 4.6 Fighting
 * Level 5.5 Axes
 + Level 2.0 Throwing
 + Level 3.7 Armour
 + Level 3.3 Dodging


You had 4 spell levels left.
You didn't know any spells.
Your spell library was empty.

Dungeon Overview and Level Annotations

Branches:
Dungeon (4/15)
 Temple: D:4-7

Altars:
Dithmenos
Gozag
Hepliaklqana
Kikubaaqudgha
Sif Muna
Vehumet
Xom
Zin
The Shining One


Innate Abilities, Weirdness & Mutations

You have a pair of large horns on your head.
You reflexively headbutt those who attack you in melee.
You have very sharp teeth.


Message History

You hit the orc. You bite the orc, but do no damage.
The orc is almost dead.
The orc barely misses you.
You hit the orc.
You kill the orc!
Trog accepts your kill. The orc wizard closely misses you.
You furiously retaliate!
You headbutt the orc wizard! The orc wizard misses you.
You barely miss the orc wizard.
The orc wizard is severely wounded.
The orc wizard hits you but does no damage.
You closely miss the orc wizard.
The orc wizard is severely wounded.
The orc wizard hits you with a +0 dagger.
You hit the orc wizard but do no damage.
You headbutt the orc wizard.
You kill the orc wizard!
Trog accepts your kill.
Trog appreciates your killing of a magic user.
Items here: )) ††.
Okay, then.
Things that are here:
a +0 dagger; a +0 robe A centaur comes into view.
Throw: 4 darts (poison)
Press: ? - help, Q - select action, (/) - cycle Shift-Dir - straight line, f - centaur
Aim: a centaur (wandering, hasn't noticed you, 70% to hit)
You throw a poisoned dart. The poisoned dart hits the centaur.
The centaur is poisoned.
The centaur shouts!
The centaur wields a +0 shortbow.
The centaur shoots an arrow.
The arrow hits you!
Things that are here:
a +1 flail of venom; a +0 dagger The centaur shoots an arrow.
The arrow hits you!
* * * LOW HITPOINT WARNING * * *
The centaur shoots an arrow.
The arrow hits you.
* * * LOW HITPOINT WARNING * * *
The centaur shoots an arrow.
The arrow hits you.
You die...

#.#.#..... #.# #.#....#..
#.#.#.....###.. #.....#..
#)..#.###.# ...#....#...
#..c##...#.. ..#...##.##
#)..#)...#... #.###.#...
#.#)#)....# ..###...#..##
#.#.#....#.###.#....#....
#.#.#...###...#.....#..##
...#.###@#....#....#.....
...##...#..<..#...##...##
#...#....#....#.###.#.....
.#.#.....#...###...#..#.##
#....#.###.#....#.##>.
#...###...#.....#.# ##
#.###.#....#....#..# ##
#.....#...##.##
#....#.###...#


You could see a centaur.

Vanquished Creatures
  A hound (D:4)
  An orc priest (D:4)
  2 orc wizards (D:4)
  6 gnolls
  3 adders
  2 worms (D:3)
  3 dart slugs
  2 orcs (D:4)
  4 ball pythons
  3 endoplasms
  A giant cockroach (D:2)
  3 goblins
  6 hobgoblins
  3 kobolds
  A quokka (D:3)
  5 bats
  15 frilled lizards
  3 rats
64 creatures vanquished.

Vanquished Creatures (others)
  3 plants (D:1)
3 creatures vanquished.

Grand Total: 67 creatures vanquished

Notes
Turn   | Place    | Note
-------+----------+-------------------------------------------
     0 | D:1      | tognito the Minotaur Berserker began the quest for the Orb.
     0 | D:1      | Reached XP level 1. HP: 19/19 MP: 0/0
   311 | D:1      | Found a faded altar of an unknown god.
   387 | D:1      | Reached XP level 2. HP: 23/27 MP: 1/1
   481 | D:1      | Reached skill level 4 in Axes
  1164 | D:2      | Reached XP level 3. HP: 32/33 MP: 2/2
  1234 | D:2      | Reached ** piety under Trog
  1520 | D:2      | Reached skill level 1 in Throwing
  2009 | D:3      | Gained mutation: You are frail. (-10% HP) [potion of
                  | mutation]
  2009 | D:3      | Gained mutation: You have very sharp teeth. [potion of
                  | mutation]
  2009 | D:3      | Lost mutation: You are frail. (-10% HP) [potion of
                  | mutation]
  2009 | D:3      | Gained mutation: You have a pair of large horns on your
                  | head. [potion of mutation]
  2476 | D:3      | Reached XP level 4. HP: 25/40 MP: 3/3
  2944 | D:3      | Found a shadowy altar of Dithmenos.
  2951 | D:3      | Found an opulent altar of Gozag.
  2951 | D:3      | Found an ancient bone altar of Kikubaaqudgha.
  2951 | D:3      | Found a shimmering blue altar of Sif Muna.
  2952 | D:3      | Found a glowing golden altar of the Shining One.
  2953 | D:3      | Found a glowing silver altar of Zin.
  2954 | D:3      | Found a radiant altar of Vehumet.
  2955 | D:3      | Found a shimmering altar of Xom.
  2956 | D:3      | Found a hazy altar of Hepliaklqana.
  3243 | D:3      | Upgraded the game from 0.29-a0-214-g17f627cfee to
                  | 0.29-a0-219-g0a02b1cf4f
  3428 | D:4      | Reached skill level 5 in Axes
  3429 | D:4      | Reached XP level 5. HP: 40/46 MP: 4/4
  3457 | D:4      | Noticed a centaur
  3464 | D:4      | HP: 1/47 [centaur/arrow (5)]
  3464 | D:4      | Shot with an arrow by a centaur

Illustrated notes

Levels and vault maps discovered:
D:1:      mrwooster_arrival_arrow, layout_loops_cross, basic_ecumenical_altar,
          minmay_lizard_king
D:2:      layout_basic, minmay_misc_feat_chi, grunt_ministairs_6
D:3:      wander_river, layout_loops_corners, minitemple,
          cheibrodos_sewer_entry_drain, minivault_23, kennysheep_pointless_box
D:4:      nicolae_BIG_FREAKIN_CUBE, layout_basic, uniq_crazy_yiuf_cottage,
          uniq_grinder

Skill      XL: |  1  2  3  4  5 |
---------------+----------------+-----
Axes           | 4 5 |  5.5
Fighting       | 4 |  4.6
Throwing       | 1 2 |  2.0
Armour         | 3 |  3.7
Dodging        | 3 |  3.3

Action                   |  1- 3 |  4- 6 || total
-------------------------+-------+-------++-------
Melee: Hand axe          |   109 |    10 ||   119
       Headbutt          |    14 |     8 ||    22
       Bite              |     1 |     6 ||     7
       Flail             |       |    28 ||    28
       Punch             |       |     1 ||     1
Throw: Dart              |       |     1 ||     1
  Use: Potion            |     6 |       ||     6
Armor: Animal skin       |     5 |       ||     5
       Ring mail         |    29 |    12 ||    41
Dodge: Dodged            |    89 |    32 ||   121

Table legend: (Time is in decaauts)
 A = Elapsed time spent in this place.
 B = Non-inter-level travel time spent in this place.
 C = Inter-level travel time spent in this place.
 D = Time resting spent in this place.
 E = Time spent auto-exploring this place.
 F = Levels seen in this place.
 G = Mean time per level.
                   A        B        C        D        E       F      G
               +--------+--------+--------+--------+--------+-----+--------+
         Total |   3501 |   3384 |    117 |      0 |   2838 |   4 |  875.2 |
       Dungeon |   3501 |   3384 |    117 |      0 |   2838 |   4 |  875.2 |
               +--------+--------+--------+--------+--------+-----+--------+

Top non-repeatable levels by time:
     D:3: 1539 daAuts
     D:1: 1141 daAuts
     D:2: 723 daAuts
     D:4: 97 daAuts
